Map: Equilibrium LE

Players

SubN - Winner!

  • Race: Zerg Zerg
  • League: Diamond
  • Spawn Location: 1:00

WHOSFIRST

  • Race: Terran Terran
  • League: Diamond
  • Spawn Location: 11:00

VOD

Have the link to the VOD?

Description

Time

  • Played on: Dec. 30, 2023, 6:33 p.m.
  • Length: 16:15
Show
View Real Time Build Order
Export as new Build Order

SubN Zerg - Winner!

Build Orders: Pool First 

Get SALT Encoding   

  12  0:00  Drone  
  13  0:12  Overlord  
  13  0:17  Drone  
  14  0:30  Drone x2  
  14  0:34  Drone  
  17  0:44  Extractor  
  17  0:45  Drone  
  17  0:50  Spawning Pool  
  17  0:55  Drone  
  17  1:06  Drone  
  18  1:21  Hatchery  
  18  1:22  Drone  
  18  1:29  Drone  
  19  1:36  Queen  
  21  1:40  Zergling x2  
  22  1:49  Overlord  
  22  1:55  Metabolic Boost  
  22  2:06  Overlord  
  22  2:11  Drone  
  22  2:14  Queen  
  25  2:26  Zergling x2  
  26  2:41  Zergling x4  
  26  2:42  Queen  
  30  2:46  Drone x2  
  30  2:50  Pneumatized Carapace  
  31  3:15  Hatchery  
  29  3:29  Drone x6  
  29  3:32  Queen  
  37  3:42  Drone x2  
  39  3:56  Drone x4  
  42  4:08  Zergling x4  
  44  4:10  Overlord x2  
  44  4:20  Overlord  
  44  4:21  Overlord  
  44  4:26  Queen  
  44  4:28  Drone x4, Baneling Nest  
  49  4:32  Drone  
  49  4:34  Evolution Chamber  
  49  4:35  Evolution Chamber  
  48  4:47  Queen  
  48  4:50  Drone x5  
  48  4:51  Drone  
  56  4:53  Extractor  
  56  4:56  Extractor  
  56  4:58  Lair  
  54  5:00  Drone  
  54  5:01  Drone  
  54  5:02  Queen  
  54  5:03  Drone  
  54  5:05  Drone  
  60  5:08  Extractor  
  59  5:17  Drone  
  59  5:18  Drone  
  61  5:27  Drone x9  
  70  5:32  Zerg Melee Weapons Level 1  
  70  5:33  Drone  
  63  5:54  Drone  
  63  5:55  Drone  
  63  5:56  Spore Crawler  
  64  5:59  Drone  
  64  6:02  Drone x2, Spore Crawler  
  64  6:03  Drone x8  
  74  6:08  Spore Crawler  
  73  6:16  Hatchery  
  72  6:30  Queen  
  74  6:33  Extractor  
  74  6:35  Drone x2, Extractor  
  74  6:36  Drone x4  
  74  6:39  Drone x4  
  82  6:44  Spire  
  82  6:45  Zerg Ground Armor Level 1  
  81  6:48  Centrifugal Hooks  
  81  6:50  Zergling x4  
  81  6:51  Zergling x2  
  81  6:53  Overlord  
  81  6:57  Overlord  
  81  7:04  Zergling x2  
  82  7:17  Drone x3  
  82  7:18  Drone  
  86  7:24  Zergling x14  
  86  7:25  Zergling x10  
  86  7:26  Baneling  
  86  7:27  Overseer, Baneling x7  
  98  7:39  Queen  
  98  7:40  Overlord x2  
  98  7:41  Overlord x3  
  98  7:42  Overseer  
  98  7:44  Overseer  
  100  7:45  Overseer  
  100  7:52  Infestation Pit  
  100  7:54  Zergling x10  
  100  7:57  Spore Crawler  
  103  8:00  Drone x6  
  103  8:04  Zerg Melee Weapons Level 2  
  109  8:14  Zergling x2  
  109  8:15  Queen  
  112  8:21  Zergling x2  
  112  8:26  Extractor  
  114  8:27  Drone x12  
  114  8:28  Extractor  
  114  8:33  Overlord  
  123  8:35  Hive  
  123  8:37  Zerg Flyer Weapons Level 1  
  123  8:45  Baneling x15  
  123  8:46  Baneling x6  
  123  8:47  Zergling x2  
  123  8:48  Zergling x14  
  131  8:56  Zergling x2  
  131  8:57  Zergling x16  
  131  8:58  Zergling x2  
  141  9:17  Overlord x4  
  141  9:25  Zerg Ground Armor Level 2  
  141  9:30  Mutalisk  
  141  9:31  Mutalisk x4  
  143  9:34  Overseer  
  151  9:47  Mutalisk, Hatchery  
  151  9:48  Mutalisk x10  
  151  9:49  Extractor  
  151  9:51  Extractor  
  170  9:54  Drone  
  170  9:55  Drone x3  
  174  10:05  Mutalisk  
  176  10:10  Overlord x7  
  167  10:49  Mutalisk  
  153  10:50  Mutalisk x14  
  181  11:14  Baneling  
  181  11:15  Baneling x21  
  181  11:16  Baneling  
  181  11:21  Zergling x28  
  181  11:22  Zergling x6  
  192  11:57  Baneling  
  192  11:58  Baneling x17  
  191  12:04  Overseer x2  
  191  12:05  Overseer x2  
  191  12:09  Queen  
  174  12:33  Zergling x22  
  174  12:34  Zergling x32  
  188  12:44  Zerg Flyer Weapons Level 2  
  188  12:46  Adrenal Glands  
  170  13:04  Corruptor  
  164  13:06  Mutalisk x6, Ultralisk Cavern  
  164  13:11  Zergling x30  
  190  13:13  Baneling  
  190  13:14  Baneling x20  
  190  13:15  Overlord, Baneling x5  
  190  13:16  Overlord  
  187  13:26  Zergling x2  
  187  13:27  Zergling x14  
  186  13:35  Zergling x14  
  187  13:48  Baneling  
  187  13:49  Baneling x4  
  187  13:50  Baneling x7  
  187  13:55  Baneling  
  187  13:56  Baneling x5  
  134  14:20  Zergling x22  
  134  14:21  Zergling x38  
  148  14:25  Zergling x2  
  148  14:26  Ultralisk x2  
  145  14:35  Zergling x2  
  145  14:36  Zergling x12  
  122  14:55  Ultralisk x6  
  122  14:59  Anabolic Synthesis  
  158  15:05  Drone x4  
  158  15:06  Drone  
  150  15:24  Zergling x24  
  150  15:25  Zergling x8  
  161  15:38  Unknown, Hatchery  
  159  15:43  Zergling x2  
  159  15:44  Zergling x16  
  159  15:45  Zergling x2  
Show
View Real Time Build Order
Export as new Build Order

WHOSFIRST Terran 

Build Orders:  

Get SALT Encoding   

  12  0:00  SCV  
  13  0:12  SCV  
  14  0:17  Supply Depot  
  14  0:24  SCV  
  15  0:35  Refinery  
  15  0:39  SCV  
  16  0:45  Barracks  
  16  0:51  SCV  
  17  1:03  SCV  
  18  1:15  SCV  
  19  1:27  SCV  
  20  1:34  Command Center  
  20  1:36  Reaper  
  20  1:39  SCV  
  22  1:45  Supply Depot  
  22  1:51  SCV  
  22  1:53  Refinery  
  23  2:03  Orbital Command  
  23  2:14  Factory  
  23  2:22  Barracks Reactor  
  23  2:29  SCV  
  24  2:43  SCV  
  24  2:55  SCV  
  25  3:01  Marine x2  
  25  3:04  Orbital Command  
  27  3:07  SCV  
  28  3:18  Starport  
  28  3:19  SCV  
  28  3:30  Marine x2  
  28  3:31  Hellion  
  31  3:36  SCV  
  31  3:40  Orbital Command, Command Center  
  32  3:47  Marine  
  32  3:48  Marine, SCV  
  35  4:04  SCV  
  35  4:08  SCV  
  35  4:09  Factory Tech Lab  
  37  4:15  Liberator  
  37  4:16  SCV  
  41  4:17  Marine x2  
  41  4:20  SCV  
  44  4:24  Supply Depot  
  44  4:28  SCV  
  45  4:33  SCV  
  45  4:36  Supply Depot  
  46  4:40  Supply Depot  
  46  4:46  Siege Tank, SCV x2  
  46  4:50  Supply Depot  
  46  4:52  Marine x2  
  52  4:58  SCV x2  
  52  4:59  Orbital Command  
  55  5:03  Starport Reactor  
  55  5:06  Engineering Bay  
  55  5:10  SCV x2  
  55  5:11  Engineering Bay  
  57  5:14  Supply Depot  
  57  5:17  Marine x2  
  59  5:22  SCV x2  
  59  5:28  SCV  
  62  5:29  Siege Tank  
  62  5:34  SCV x2  
  67  5:37  Marine x2  
  67  5:41  Refinery x2  
  69  5:45  SCV  
  69  5:46  SCV  
  71  5:54  Marine x2  
  73  5:57  Barracks  
  73  6:00  Barracks  
  73  6:01  Barracks  
  73  6:02  Barracks  
  73  6:03  Barracks  
  73  6:06  Barracks  
  73  6:07  Terran Infantry Armor Level 1, Terran Infantry Weapons Level 1  
  73  6:11  SCV  
  73  6:12  Marine, Medivac x2  
  73  6:13  SCV  
  73  6:14  Marine  
  73  6:16  SCV  
  82  6:23  SCV  
  84  6:25  SCV  
  84  6:26  Orbital Command  
  84  6:30  Marine  
  84  6:32  Marine, Armory  
  83  6:33  Missile Turret  
  83  6:35  Missile Turret  
  83  6:38  SCV x2  
  85  6:48  Marine  
  85  6:50  Marine, SCV x2  
  90  6:54  SCV  
  90  7:02  SCV x2  
  90  7:05  Barracks Tech Lab x2  
  90  7:06  Barracks Tech Lab, SCV, Barracks Reactor x3  
  93  7:10  Marine x2  
  93  7:14  SCV x2  
  97  7:18  SCV  
  97  7:19  Supply Depot  
  97  7:20  Supply Depot  
  97  7:21  Supply Depot  
  98  7:25  Combat Shield  
  98  7:26  Stimpack, Concussive Shells, SCV x2  
  98  7:28  Marine  
  101  7:40  Marine  
  101  7:41  Marauder x3, SCV x3  
  101  7:44  Supply Depot x2  
  111  7:45  Marine  
  111  7:47  Supply Depot, Medivac x2  
  116  7:53  Refinery, Marine x5, SCV x2  
  116  7:54  Marine  
  116  7:55  Refinery  
  116  7:57  Terran Vehicle Weapons Level 1  
  124  7:58  Marine  
  124  8:05  Marauder x3, Marine  
  132  8:11  Marine  
  133  8:12  Marine  
  133  8:13  Marine x4  
  133  8:16  Marine  
  139  8:23  Marine  
  146  8:27  Marauder x3  
  146  8:28  Marine  
  146  8:30  Marine x2  
  149  8:37  Command Center, Marine  
  149  8:38  Supply Depot x2  
  149  8:39  Supply Depot  
  149  8:41  Supply Depot  
  150  8:42  Supply Depot  
  150  8:45  Marine  
  150  8:46  Marine x3  
  156  8:48  Marauder  
  156  8:59  Marauder  
  156  9:00  Marauder  
  162  9:10  Marauder  
  162  9:12  Factory  
  162  9:13  Factory  
  162  9:15  Starport  
  162  9:16  Siege Tank  
  165  9:19  SCV  
  165  9:21  Marauder x2  
  165  9:22  Terran Infantry Armor Level 2, Terran Infantry Weapons Level 2  
  80  9:24  Medivac x2  
  170  9:26  SCV  
  175  9:35  Marine x2  
  175  9:36  Marauder, Marine x3  
  182  9:42  Marauder x2  
  186  9:54  Medivac x2  
  186  9:57  Marauder  
  192  10:03  Factory Tech Lab  
  192  10:04  Marauder, Factory Tech Lab  
  194  10:08  Orbital Command  
  194  10:09  SCV x3  
  194  10:13  Starport Reactor  
  197  10:21  SCV  
  197  10:24  Viking  
  200  10:39  Marine x5  
  200  10:40  Marine x4  
  181  10:55  Marine  
  181  10:56  Marine  
  175  10:57  Marine x3  
  175  10:58  Marine x3  
  176  11:08  Viking x4  
  178  11:14  Marine  
  178  11:15  Marine x4  
  178  11:16  Marine  
  184  11:29  Marine  
  182  11:33  Marine x5  
  182  11:38  Viking x4, Command Center  
  186  12:15  Supply Depot  
  186  12:18  Supply Depot  
  186  12:26  Marine x2  
  186  12:27  Viking x4  
  156  12:42  Thor x2  
  156  12:43  SCV  
  159  12:44  Marine, SCV  
  160  12:57  Viking x4  
  163  13:02  Marine  
  161  13:06  Marine x5  
  166  13:20  Marine  
  166  13:23  Marine  
  166  13:24  Marine x4  
  172  13:27  Viking  
  167  13:38  Marine  
  161  13:41  Marine  
  161  13:42  Marine x4  
  166  13:55  Marine, Planetary Fortress  
  166  13:59  Marine  
  166  14:00  Marauder x3, Marine  
  144  14:13  Marine  
  129  14:17  Marine x2  
  129  14:22  Marauder x3  
  125  14:25  SCV  
  126  14:31  Marine  
  126  14:35  Marine x2  
  128  14:42  Marine  
  128  14:43  Marauder, Marine  
  119  14:49  Marine  
  86  14:53  Marine x2  
  84  15:00  Marine  
  84  15:01  Marauder  
  84  15:04  Marine  
  86  15:07  Marine  
  86  15:10  Marine  
  86  15:11  Marine  
  89  15:18  Marine  
  90  15:22  Marauder x2  
  90  15:25  Marine  
  90  15:26  Command Center  
  95  15:28  Marine  
  95  15:29  Marine  
  97  15:37  Marauder  
  97  15:42  Marine, SCV  
  100  15:43  Marine  
  100  15:44  Marauder  
  100  15:46  Marine  
  100  15:47  Marine  
Tags
 
Add a new tag
Caveats
  • Supply blocks, unpowered buildings, or Contaminate may cause inaccurate times.
  • Supply counts are checked every 10 seconds.